 Dungeon Crawl Stone Soup version 0.30.1-10-g1249ef9ec4 (webtiles) character file.

Game seed: 7246370954223906759

35 lonewolfV2 the Trooper (level 3, 0/29 HPs)
             Began as a Demonspawn Fighter on Oct 26, 2023.
             Slain by Sigmund
             ... wielding a +0 scythe of flaming
              (10 damage)
             ... on level 2 of the Dungeon.
             The game lasted 00:01:14 (1163 turns).

lonewolfV2 the Trooper (Demonspawn Fighter)         Turns: 1163, Time: 00:01:15

Health: 0/29       AC:  6    Str: 18    XL:     3   Next: 17%
Magic:  3/3        EV:  9    Int:  9    God:
Gold:   93         SH:  4    Dex: 12    Spells: 2/2 levels left

rFire   . . .        a - +0 war axe
rCold   . . .        c - +0 buckler
rNeg    + . .        b - +0 scale mail
rPois   .            (helmet restricted)
rElec   .            (no cloak)
rCorr   .            (no gloves)
SInv    .            (no boots)
Will    .....        (no amulet) Stlth
                     i - ring of positive energy
HPRegen 0.24/turn    (no ring)
MPRegen 0.08/turn

%: no passive effects
@: no status effects
A: antennae 1
a: no special abilities


You were on level 2 of the Dungeon.
You visited 1 branch of the dungeon, and saw 2 of its levels.

You collected 93 gold pieces.

Inventory:

Hand Weapons
 a - a +0 war axe (weapon)
Armour
 b - a +0 scale mail (worn)
 c - a +0 buckler (worn)
Jewellery
 i - a ring of positive energy (left hand)
Scrolls
 f - 2 scrolls of identify
Potions
 d - a potion of might
 e - a potion of degeneration


   Skills:
 + Level 3.3 Fighting
 * Level 2.6 Axes
 - Level 2.7 Armour
 - Level 0.3 Dodging
 + Level 3.0 Shields


You had 2 spell levels left.
You didn't know any spells.
Your spell library contained the following spells:

 Spells                   Type           Power      Damage    Failure   Level
 Sublimation of Blood     Necr           0%         N/A       94%         2
 Wereblood                Tmut           0%         N/A       94%         2
 Frozen Ramparts          Ice            0%         1d1       99%         3
 Ice Form                 Ice/Tmut       0%         N/A       100%        4
 Summon Ice Beast         Ice/Summ       0%         N/A       100%        4
 Summon Hydra             Summ           0%         N/A       100%        7


Dungeon Overview and Level Annotations

Branches:
Dungeon (2/15)

Altars:

Annotations:
D:2 Sigmund


Innate Abilities, Weirdness & Mutations

You have a pair of small antennae on your head.


Message History

You are confused.
You miss Sigmund.
Sigmund is lightly wounded.
Sigmund closely misses you.
You bump into the rock wall.
Sigmund hits you with a +0 scythe of flaming.
Sigmund burns you.
You bump into the rock wall.
Sigmund hits you but does no damage.
You closely miss Sigmund.
Sigmund is lightly wounded.
You bump into the rock wall.
Sigmund casts a spell at you. You resist with significant effort.
You bump into the rock wall.
Sigmund barely misses you.
You bump into the rock wall.
You feel less confused. You block Sigmund's attack.
You hit Sigmund.
Sigmund is lightly wounded.
Sigmund hits you but does no damage.
You hit Sigmund.
Sigmund is lightly wounded.
Sigmund hits you with a +0 scythe of flaming.
Sigmund burns you.
You slash Sigmund!
Sigmund is heavily wounded.
Sigmund hits you with a +0 scythe of flaming.
Sigmund burns you.
You closely miss Sigmund.
Sigmund is heavily wounded.
Sigmund points at you and mumbles some strange words.
You resist with significant effort.
You closely miss Sigmund.
Sigmund is heavily wounded.
Sigmund hits you with a +0 scythe of flaming.
Sigmund burns you.
You closely miss Sigmund.
Sigmund is heavily wounded.
Sigmund hits you with a +0 scythe of flaming!
You die...

...... [#... #.#
.... #.. #..# #.#
#..####.# ####
#.......# ##
.....#...###.# ..
##.....##.###.###.#
##.......#..@@...$.#
#.........####....##
. +.........+ ...#
#.........# ..#
##.......## .#
##.....## # ##...##
# ##+## .#


You could see Sigmund.

Vanquished Creatures
  2 adders (D:2)
  A dart slug (D:1)
  An endoplasm (D:1)
  A giant cockroach (D:1)
  3 goblins (D:1)
  3 hobgoblins (D:1)
  A frilled lizard (D:1)
  A kobold (D:1)
  2 rats (D:1)
15 creatures vanquished.

Notes
Turn   | Place    | Note
-------+----------+-------------------------------------------
     0 | D:1      | lonewolfV2 the Demonspawn Fighter began the quest for the
                  | Orb.
     0 | D:1      | Reached XP level 1. HP: 18/18 MP: 1/1
   220 | D:1      | Gained mutation: You have a pair of small antennae on your
                  | head. [demonic ancestry]
   220 | D:1      | Reached XP level 2. HP: 24/24 MP: 2/2
   623 | D:2      | Reached XP level 3. HP: 3/29 MP: 3/3
  1142 | D:2      | Noticed Sigmund
  1163 | D:2      | Slain by Sigmund

Illustrated notes

Levels and vault maps discovered:
D:1:      onia_arrival_pyramid, layout_basic, minmay_misc_feat_secret_circle
D:2:      layout_loops_corners, serial_shops, nicolae_diamond_shop,
          kennysheep_generic_room_14, uniq_sigmund, uniq_jessica

Skill      XL: |  1  2 |
---------------+-------+-----
Axes           | 2 |  2.6
Shields        | 3 |  3.0
Fighting       | |  3.3
Armour         | |  2.7
Dodging        | |  0.3

Action                     || total
---------------------------++-------
  Melee: War axe           ||    67
    Use: Scroll            ||     3
 Armour: Scale mail        ||    29
  Dodge: Dodged            ||    26
  Block: Buckler           ||    14
